 Dungeon Crawl Stone Soup version 0.32-a0-540-g866d13106e (webtiles) character file.

Game seed: 7017661542179106775

170 ytrimaz the Ruffian (level 5, -1/54 HPs)
             Began as an Octopode Shapeshifter on Feb 28, 2024.
             Incinerated by a bombardier beetle (5 damage)
             ... with a burning spray
             ... on level 3 of the Dungeon.
             The game lasted 00:01:59 (1933 turns).

ytrimaz the Ruffian (Octopode Shapeshifter)         Turns: 1933, Time: 00:02:00

Health: -1/54      AC: 22    Str: 13    XL:     5   Next: 50%
Magic:  5/5        EV:  2    Int: 15    God:
Gold:   142        SH:  0    Dex: 11    Spells: 4/4 levels left

rFire   . .          .
                       - Unarmed
rCold   . . .        (no shield)
rNeg    . . .        (helmet currently unavailable)
rPois   +            (no amulet)
rElec   .            (no ring)
rCorr   .            (no ring)
SInv    .            (no ring)
Will    .....        (no ring)
Stlth   +            (no ring)
HPRegen 0.29/turn    (no ring)
MPRegen 0.09/turn    (no ring)
                     (no ring)

%: no passive effects
@: brilliant, on fire, tree-form, attractive, glowing
A: stationary, stasis, torment immunity, boosted hp, almost no armour,
(amphibious), 8 rings, (camouflage 1), (gelatinous body 1), (nimble swimmer 1),
(tentacles)
a: no special abilities


You were on level 3 of the Dungeon.
You were a tree.
You visited 1 branch of the dungeon, and saw 3 of its levels.

You collected 184 gold pieces.
You spent 42 gold pieces at shops.


Innate Abilities, Weirdness & Mutations

You are a tree.
Your roots penetrate the ground, keeping you stationary.
You cannot be teleported.
You are immune to unholy pain and torment.
Your maximum health is greatly increased.
You cannot wear most types of armour.
((You are amphibious.))
You can wear up to eight rings at the same time.
((Your skin changes colour to match your surroundings (Stealth+).))
((Your rubbery body absorbs attacks. (AC +1, EV +1)))
((You are camouflaged when in or above water. (Stealth+)))
((You have tentacles for arms and can constrict up to eight enemies at once.))


   Skills:
 + Level 3.1 Fighting
 - Level 2.0 Dodging
 + Level 3.9 Stealth
 + Level 4.2 Unarmed Combat
 - Level 3.0 Shapeshifting


You had 4 spell levels left.
You didn't know any spells.
Your spell library was empty.

Inventory:

Magical Staves
 g - a staff of fire
   (You found it on level 1 of the Dungeon)
Talismans
 b - a beast talisman (active)
 c - a flux talisman
Scrolls
 d - a scroll of revelation
 f - a scroll of amnesia
 i - 2 scrolls of vulnerability {unknown}
Potions
 a - 2 potions of lignification

Dungeon Overview and Level Annotations

Branches:
Dungeon (3/15) Zot: 16073

Altars:
Kikubaaqudgha

Shops:
D:1 =**[(

Annotations:
D:3 Sigmund

#. .....#.# ###
##.##....#.# #..
#....)...#.# #.#
.#...B).....# #.#
.o........#..# #.#
@.#.#.......# #.# #
##...โ€ .## #<#
##.ยง.@##############.#
##...ยง.@)โ™ฃ..........#
###.################ #.#
..# ####


You could see Sigmund (wandering).


Message History

Your Unarmed Combat skill increases to level 4!
You have reached level 5!
You feel clever. ๐Ÿ˜ฎ HP[+7] MP[+1]
You now have 54 max hp (+9).
You regained 7 hp, and now have 39/54 hp.
Your mp is fully restored (5).
You cannot move.
You cannot move.
Unknown command.
You cannot move.
You cannot move.
Unknown command.
You miss something. Something hits you.
The bombardier beetle sprays incendiary fluid at you.
The burning spray hits something. ๐Ÿ˜ฎ HP[-1]
You take 1 damage, and now have 38/54 hp.
You barely miss the orc wizard.
The orc wizard burns!
The orc wizard hits you but does no damage. ๐Ÿ˜ฎ HP[+1]
You smack the orc wizard!
You kill the orc wizard!
Reactivating autopickup.
The bombardier beetle sprays incendiary fluid at you.
The burning spray hits you.
You are covered in liquid fire!
The bombardier beetle is attracted toward you.
You hit the bombardier beetle but do no damage.
The liquid fire burns you! ๐Ÿ˜ฎ HP[-4]
You take 4 damage, and now have 35/54 hp.
You barely miss the bombardier beetle. The liquid fire burns you!
The bombardier beetle waves its antennae.
The bombardier beetle sprays incendiary fluid at you.
The burning spray hits you.
You are even more covered in liquid fire! ๐Ÿ˜ฎ HP[-3]
You take 3 damage, and now have 32/54 hp.
You barely miss the bombardier beetle. The liquid fire burns you! ๐Ÿ˜ฎ HP[-3]
You take 3 damage, and now have 29/54 hp.
You smack the bombardier beetle!
The liquid fire burns you!
* * * LOW HITPOINT WARNING * * *
The bombardier beetle sprays incendiary fluid at you.
The burning spray hits you.
You are even more covered in liquid fire! ๐Ÿ˜จ HP[-4]
You take 4 damage, and now have 25/54 hp.
You smack the bombardier beetle!
You kill the bombardier beetle!
The liquid fire burns you!
* * * LOW HITPOINT WARNING * * *
Your Fighting skill increases to level 3! ๐Ÿ˜จ HP[-3]
You take 3 damage, and now have 22/54 hp.
You swing at nothing.
The liquid fire burns you!
* * * LOW HITPOINT WARNING * * *
๐Ÿ˜จ HP[-2]
You take 2 damage, and now have 20/54 hp.
You swing at nothing.
The liquid fire burns you!
* * * LOW HITPOINT WARNING * * *
๐Ÿ˜จ HP[-1]
You take 1 damage, and now have 19/54 hp.
Unknown command.
It was a potion of curing.
You feel better. The liquid fire burns you!
* * * LOW HITPOINT WARNING * * *
๐Ÿ˜จ HP[+3]
You regained 3 hp, and now have 22/54 hp.
Unknown command.
The liquid fire burns you!
* * * LOW HITPOINT WARNING * * *
๐Ÿ˜จ HP[-3]
You take 3 damage, and now have 19/54 hp.
The liquid fire burns you!
* * * LOW HITPOINT WARNING * * *
๐Ÿ˜จ HP[-3]
You take 3 damage, and now have 16/54 hp.
The liquid fire burns you!
* * * LOW HITPOINT WARNING * * *
๐Ÿ˜ฑ HP[-6]
You take 6 damage, and now have 10/54 hp.
The liquid fire burns you!
* * * LOW HITPOINT WARNING * * *
Sigmund is attracted toward you. ๐Ÿ˜ฑ HP[-4]
You take 4 damage, and now have 6/54 hp.
The liquid fire burns you!
* * * LOW HITPOINT WARNING * * *
Sigmund is attracted toward you. ๐Ÿ˜ฑ HP[-2]
You take 2 damage, and now have 4/54 hp.
The liquid fire burns you!
You die...

Skill      XL: |  1  2  3  4  5 |
---------------+----------------+-----
Stealth        | 1 2 3 |  3.9
Fighting       | 2 3 |  3.1
Unarmed Combat | 4 |  4.2
Dodging        | |  2.0
Shapeshifting  | |  3.0

Action                     |  1- 3 |  4- 6 || total
---------------------------+-------+-------++-------
  Melee: Unarmed           |    60 |    37 ||    97
         Tentacles         |    13 |     3 ||    16
         Constrict         |    16 |     6 ||    22
         Punch             |     1 |       ||     1
    Use: Scroll            |     2 |       ||     2
         Potion            |     1 |     4 ||     5
   Stab: Sleeping          |     6 |     3 ||     9
         Distracted        |       |     1 ||     1
 Armour: Skin              |    24 |    15 ||    39
  Dodge: Dodged            |    35 |    22 ||    57

Levels and vault maps discovered:
D:1:      dpeg_arrival_shelter, layout_basic, serial_shops,
          nicolae_shop_window_shopping, nicolae_shop_back_alley_shop,
          nicolae_shop_hallway_stairs, shop, shop_coins,
          shapermc_ecumenical_altar_mp_ritualfount
D:2:      layout_loops_cross, basic_altar
D:3:      layout_loops_ring, dk_yredelemnul_ordeal, uniq_sigmund

Notes
Turn   | Place    | Note
-------+----------+-------------------------------------------
     0 | D:1      | ytrimaz the Octopode Shapeshifter began the quest for the
                  | Orb.
     0 | D:1      | Reached XP level 1. HP: 13/13 MP: 1/1
     0 | D:1      | magus.rc [v1.9.6]
    17 | D:1      | Found Ufus's General Store.
    57 | D:1      | Bought a potion of lignification for 42 gold pieces
   139 | D:1      | Reached skill level 1 in Stealth
   184 | D:1      | Reached XP level 2. HP: 18/18 MP: 2/2
   228 | D:1      | Found Rateozy's Weapon Boutique.
   352 | D:1      | Found Ukissic's Armour Boutique.
   371 | D:1      | Found Asusu's Assorted Antiques.
   536 | D:1      | Found Demeg's Jewellery Shop.
   663 | D:1      | Found a faded altar of an unknown god.
   863 | D:2      | Found an ancient bone altar of Kikubaaqudgha.
   874 | D:2      | Reached XP level 3. HP: 8/24 MP: 3/3
   953 | D:2      | Reached skill level 2 in Stealth
  1026 | D:2      | Reached skill level 2 in Fighting
  1175 | D:2      | HP: 5/24 [kobold/+0 dagger (3)]
  1270 | D:2      | Reached XP level 4. HP: 18/29 MP: 4/4
  1544 | D:2      | Reached skill level 3 in Stealth
  1901 | D:3      | Noticed Sigmund
  1917 | D:3      | Reached skill level 4 in Unarmed Combat
  1917 | D:3      | Reached XP level 5. HP: 36/36 MP: 5/5
  1925 | D:3      | Reached skill level 3 in Fighting
  1930 | D:3      | HP: 10/54 [burnt (6)]
  1932 | D:3      | HP: 4/54 [burnt (2)]
  1933 | D:3      | Incinerated by a bombardier beetle

Vanquished Creatures
  A bombardier beetle (D:3)
  An orc priest (D:3)
  An orc wizard (D:3)
  3 gnolls (D:2)
  An adder (D:2)
  2 dart slugs (D:2)
  A ribbon worm (D:2)
  2 orcs (D:3)
  4 endoplasms
  3 giant cockroaches
  A goblin (D:1)
  4 hobgoblins
  2 jackals (D:1)
  8 kobolds
  4 quokkas
  3 ball pythons (D:2)
  5 bats
  A frilled lizard (D:1)
  5 rats
52 creatures vanquished.

Table legend:
 A = Non-vault XP
 B = Vault XP
 C = Vault XP percentage of total XP
 D = Non-vault monster count
 E = Vault monster count
 F = Vault count percentage of total count
                 A         B        C        D         E       F
            +---------+---------+-------+---------+---------+-------
      Total |     243 |       0 |   0.0 |      52 |       0 |   0.0
            +---------+---------+-------+---------+---------+-------
        D:1 |      31 |       0 |   0.0 |      19 |       0 |   0.0
        D:2 |      98 |       0 |   0.0 |      26 |       0 |   0.0
        D:3 |     114 |       0 |   0.0 |       7 |       0 |   0.0
            +---------+---------+-------+---------+---------+-------

Skill      XL: |  1  2  3  4  5 |
---------------+----------------+-----
Stealth        | 1 2 3 |  3.9
Fighting       | 2 3 |  3.1
Unarmed Combat | 4 |  4.2
Dodging        | |  2.0
Shapeshifting  | |  3.0

Action                     |  1- 3 |  4- 6 || total
---------------------------+-------+-------++-------
  Melee: Unarmed           |    60 |    37 ||    97
         Tentacles         |    13 |     3 ||    16
         Constrict         |    16 |     6 ||    22
         Punch             |     1 |       ||     1
    Use: Scroll            |     2 |       ||     2
         Potion            |     1 |     4 ||     5
   Stab: Sleeping          |     6 |     3 ||     9
         Distracted        |       |     1 ||     1
 Armour: Skin              |    24 |    15 ||    39
  Dodge: Dodged            |    35 |    22 ||    57

Illustrated notes

Table legend:
 A = Kills in this place as a percentage of kills in the entire game.
 B = Kills by you in this place as a percentage of kills by you in the entire game.
 C = Kills by friends in this place as a percentage of kills by friends in the entire game.
 D = Other kills in this place as a percentage of other kills in the entire game.
 E = Experience gained in this place as a percentage of experience gained in the entire game.
 F = Experience gained in this place divided by the number of levels of this place that you have seen.
                   A       B       C       D       E      F
               +-------+-------+-------+-------+-------+----------------------
         Total | 100.0 | 100.0 |   N/A |   N/A | 100.0 |  81.0
       Dungeon | 100.0 | 100.0 |   N/A |   N/A | 100.0 |  81.0
               +-------+-------+-------+-------+-------+----------------------

Table legend: (Time is in decaauts)
 A = Elapsed time spent in this place.
 B = Non-inter-level travel time spent in this place.
 C = Inter-level travel time spent in this place.
 D = Time resting spent in this place.
 E = Time spent auto-exploring this place.
 F = Levels seen in this place.
 G = Mean time per level.
                   A        B        C        D        E       F      G
               +--------+--------+--------+--------+--------+-----+--------+
         Total |   1926 |   1865 |     61 |    175 |   1353 |   3 |  642.0 |
       Dungeon |   1926 |   1865 |     61 |    175 |   1353 |   3 |  642.0 |
               +--------+--------+--------+--------+--------+-----+--------+

Top non-repeatable levels by time:
     D:2: 1004 daAuts
     D:1: 861 daAuts
     D:3: 60 daAuts
